 Dungeon Crawl Stone Soup version 0.25.1-4-g9407a263a5 (console) character file.

Game seed: 10274920176581591312

6381 Kagalorn the Cruncher (level 11, -7/90 HPs)
             Began as a Human Gladiator on Nov 28, 2020.
             Was an Initiate of Gozag.
             Mangled by an ice beast (9 damage)
             ... on level 7 of the Dungeon.
             The game lasted 00:21:17 (9787 turns).

Kagalorn the Cruncher (Human Gladiator)             Turns: 9787, Time: 00:21:17

Health: -7/90      AC: 16    Str: 18    XL:     11   Next: 17%
Magic:  11/11      EV:  6    Int:  8    God:    Gozag
Gold:   987        SH:  0    Dex: 18    Spells: 10/10 levels left

rFire    . . .     SeeInvis .   a - +0 quarterstaff
rCold    . . .     Gourm    .   (shield currently unavailable)
rNeg     + . .     Faith    .   d - +0 plate armour
rPois    .         Spirit   .   C - +2 hat
rElec    .         Reflect  .   v - +0 cloak
rCorr    +         Harm     .   g - +2 pair of gloves {Dex+3}
MR       .....                  (no boots)
Stlth    ..........             y - amulet of magic regeneration
HPRegen  0.25/turn              r - ring of resist corrosion
MPRegen  0.37/turn              n - ring of positive energy

@: gold aura
A: no striking features
a: Potion Petition, Call Merchant, Bribe Branch, Renounce Religion


You were on level 7 of the Dungeon.
You worshipped Gozag.
Gozag was pleased with you.
You were very hungry.

You visited 2 branches of the dungeon, and saw 9 of its levels.
You also visited: Sewer and Ossuary.

You collected 1290 gold pieces.
You paid 303 gold pieces to Gozag.

Inventory:

Hand Weapons
 a - a +0 quarterstaff (weapon)
 t - a +4 quarterstaff of chaos
Missiles
 e - 305 stones (quivered)
 k - 55 sling bullets
Armour
 d - a +0 plate armour (worn)
 g - a +2 pair of gloves of dexterity (worn)
 v - a +0 cloak (worn)
 C - a +2 hat (worn)
Magical Staves
 l - an uncursed staff of cold
Jewellery
 n - a ring of positive energy (right hand)
 r - a ring of resist corrosion (left hand)
 y - an amulet of magic regeneration (around neck)
Wands
 c - a wand of polymorph (11)
 m - a wand of acid (17)
Scrolls
 b - 5 scrolls of teleportation
 h - a scroll of noise {unknown}
 j - 4 scrolls of remove curse
 q - a scroll of magic mapping
 B - a scroll of fear
Potions
 i - 2 potions of mutation
 o - 5 potions of curing
 p - 2 potions of haste
 s - 6 potions of stabbing
 u - 3 potions of heal wounds
 w - a potion of cancellation
 x - 2 potions of ambrosia
 z - a potion of magic
 A - a potion of invisibility
Comestibles
 f - 10 rations


   Skills:
 + Level 9.6 Fighting
 * Level 13.1 Staves
 - Level 2.0 Throwing
 - Level 3.0 Dodging


You had 10 spell levels left.
You didn't know any spells.
Your spell library was empty.

Dungeon Overview and Level Annotations

Branches:
Dungeon (8/15)             Temple (1/1) D:7           Sewer (visited)
Ossuary (visited)
   Lair: D:8-11

Altars:
Ashenzari
Cheibriados
Dithmenos
Elyvilon
Fedhas
Gozag
Hepliaklqana
Kikubaaqudgha
Makhleb
Nemelex Xobeh
Okawaru
Qazlal
Ru
Sif Muna
Trog
Uskayaw
Vehumet
Wu Jian
Xom
Yredelemnul
Zin
The Shining One

Shops:
D:7 [

Annotations:
D:5 exclusion: door


Message History

You kill the sky beast!
You hit the ice beast but do no damage. You barely miss the ice beast.
The ice beast hits you but does no damage.
Your plate armour prevents you from hitting the ice beast.
The ice beast hits you. The ice beast freezes you!
* * * LOW HITPOINT WARNING * * *
You closely miss the ice beast. You hit the ice beast but do no damage.
The ice beast barely misses you.
You hit the ice beast but do no damage. The ice beast hits you.
* * * LOW HITPOINT WARNING * * *
The ice beast freezes you!
* * * LOW HITPOINT WARNING * * *
You hit the ice beast.
The ice beast is moderately wounded.
The ice beast hits you.
* * * LOW HITPOINT WARNING * * *
The ice beast freezes you!
You die...
Your body crumbles into a pile of gold.

..#....#.........#
..#....#.........#########
..#....#.........#.......#
###....'.........#.#####.####
#....#.........#..........#
#....#.........#.#.#.#.##.#
#....#.........#.#.#.#.##.#
#....#.........#.......##.#
#+##############@###.#..###.#
.......#P.P.P.PY.# #.##.# #.#
......Y#.........# #.##.# #.#
.......#.........# #.##.###.#
.......$.P.P.P.P.# #........#
################## ####.#####
..# ##.......## ##.##.#
..####.........####...#.#
.....')........'........##


You could see an ice beast.

Vanquished Creatures
  Gastronok (D:8)
  An ugly thing (D:7)
  The ghost of Glamhuggeren the Basher, a novice MiFi (D:4)
  Prince Ribbit (D:8)
  Grinder (D:6)
  2 wyverns (D:7)
  4 yaks
  An acid dragon (D:7)
  Purgy (Sewer)
  A sky beast (D:7)
  2 slaves (D:7)
  A necrophage (D:6)
  An ogre (D:5)
  2 centaurs
  A crocodile (D:7)
  A big kobold (D:7)
  A bullfrog (D:8)
  5 scorpions
  4 killer bees (D:4)
  5 howler monkeys
  4 wights (D:7)
  3 crimson imps
  A bullfrog zombie (D:7)
  2 jellies
  Crazy Yiuf (D:6)
  A centaur zombie (Ossuary)
  3 hounds
  2 human zombies (Ossuary)
  4 orc priests
  An iguana (D:5)
  5 orc wizards
  5 worker ants
  2 big kobold zombies (Ossuary)
  A hound zombie (Ossuary)
  3 mummies (Ossuary)
  A worker ant zombie (D:5)
  6 adders
  11 gnolls
  A river rat (D:5)
  2 shadow imps
  An ooze (D:1)
  6 adder zombies (Ossuary)
  A dart slug (D:1)
  6 leopard geckos
  44 orcs
  3 giant cockroaches
  3 gnoll zombies (Ossuary)
  10 goblins
  5 hobgoblins
  4 jackals
  5 quokkas
  4 ball pythons
  6 bats
  8 frilled lizards
  3 goblin zombies (Ossuary)
  4 hobgoblin zombies (Ossuary)
  2 jackal zombies (Ossuary)
  14 kobolds
  A kobold zombie (Ossuary)
  2 leopard gecko skeletons
  An orc zombie (Ossuary)
  A quokka skeleton (D:7)
  6 quokka zombies
  7 rats
  5 rat zombies (Ossuary)
248 creatures vanquished.

Vanquished Creatures (others)
  An orc wizard (D:5)
1 creature vanquished.

Grand Total: 249 creatures vanquished

Notes
Turn   | Place    | Note
-------+----------+-------------------------------------------
     0 | D:1      | Kagalorn the Human Gladiator began the quest for the Orb.
     0 | D:1      | Reached XP level 1. HP: 16/16 MP: 1/1
   171 | D:1      | Reached XP level 2. HP: 22/22 MP: 2/2
   405 | D:1      | Reached XP level 3. HP: 28/28 MP: 3/3
   775 | D:1      | Reached skill level 4 in Staves
   791 | D:2      | Reached XP level 4. HP: 31/34 MP: 4/4
  1569 | D:3      | Reached XP level 5. HP: 41/41 MP: 5/5
  1671 | D:3      | Found a sacrificial altar of Ru.
  2019 | D:2      | Reached skill level 5 in Staves
  2420 | D:3      | Reached XP level 6. HP: 33/48 MP: 6/6
  3161 | D:4      | Found a sand-covered staircase.
  3169 | Ossuary  | Entered an ossuary
  3304 | Ossuary  | Reached skill level 6 in Staves
  3338 | Ossuary  | Reached XP level 7. HP: 41/54 MP: 7/7
  4189 | D:4      | Reached skill level 7 in Staves
  4206 | D:5      | Entered Level 5 of the Dungeon
  4207 | D:5      | Found a glowing drain.
  4246 | D:5      | Reached skill level 5 in Fighting
  4248 | D:5      | Reached XP level 8. HP: 45/62 MP: 8/8
  4530 | Sewer    | Entered a sewer
  4606 | Sewer    | Noticed Purgy
  4614 | Sewer    | Killed Purgy
  4614 | Sewer    | Reached skill level 8 in Staves
  4952 | D:5      | Found a shimmering blue altar of Sif Muna.
  5103 | D:5      | You fall into a shaft and drop 1 floor!
  5123 | D:6      | Found an ancient bone altar of Kikubaaqudgha.
  5550 | D:4      | Reached skill level 9 in Staves
  5740 | D:4      | Found a runed translucent door.
  5740 | D:4      | Noticed Glamhuggeren's ghost (novice MiFi)
  5766 | D:4      | Reached XP level 9. HP: 41/70 MP: 9/9
  6404 | D:4      | Killed Glamhuggeren's ghost
  6498 | D:6      | Reached skill level 10 in Staves
  6551 | D:6      | Noticed Grinder
  6570 | D:6      | Killed Grinder
  6899 | D:6      | Found a runed translucent door.
  6900 | D:6      | Noticed Crazy Yiuf
  6912 | D:6      | Killed Crazy Yiuf
  6986 | D:7      | Found Paqebiz's Antique Armour Shoppe.
  7050 | D:7      | Found a staircase to the Ecumenical Temple.
  7136 | Temple   | Entered the Ecumenical Temple
  7296 | Temple   | Became a worshipper of Gozag Ym Sagoz the Greedy
  7680 | D:7      | Reached XP level 10. HP: 55/80 MP: 10/10
  7739 | D:7      | Reached skill level 11 in Staves
  8118 | D:8      | Noticed Gastronok
  8459 | D:8      | Killed Gastronok
  8459 | D:8      | Reached skill level 12 in Staves
  8940 | D:8      | Noticed Prince Ribbit
  8981 | D:8      | Killed Prince Ribbit
  9039 | D:7      | Reached XP level 11. HP: 55/89 MP: 11/11
  9197 | D:7      | Noticed a brown ugly thing
  9222 | D:7      | HP: 4/89 [brown ugly thing (10)]
  9224 | D:7      | Killed a brown ugly thing
  9614 | D:7      | Reached skill level 13 in Staves
  9778 | D:7      | HP: 3/90 [ice beast (14)]
  9787 | D:7      | HP: 2/90 [ice beast (3)]
  9787 | D:7      | Mangled by an ice beast

Illustrated notes

Levels and vault maps discovered:
D:1:      psy_arrival_statuary, layout_loops_ring, minivault_4
D:2:      minmay_recursive_quarters, layout_basic, first_ration
D:3:      layout_loops_corners, nicolae_ru_path_of_blood
D:4:      layout_loops_ring, ebering_ghost_inner_flame,
          chequers_ossuary_entry_cave
D:5:      layout_basic, cheibrodos_sewer_entry_sluice, led_sif_book
D:6:      layout_rooms, lemuel_statue_altar, uniq_grinder,
          uniq_crazy_yiuf_cottage
D:7:      minmay_klotski, layout_loops_corners, minmay_temple_entry_slanted,
          serial_shops, shop
D:8:      layout_basic, serial_shops, nicolae_shop_stone, special_room
          [special_room_orc], uniq_gastronok, uniq_prince_ribbit1, uniq_pikel
Temple:   kilobyte_greek_temple

Skill      XL: |  1  2  3  4  5  6  7  8  9 10 11 |
---------------+----------------------------------+-----
Staves         | 4 5 6 7 9 10 12 13 | 13.1
Fighting       | 3 4 5 6 7 9 |  9.6
Throwing       | |  2.0
Dodging        | |  3.0

Action                   |  1- 3 |  4- 6 |  7- 9 | 10-12 || total
-------------------------+-------+-------+-------+-------++-------
Melee: Quarterstaff      |    61 |   227 |   553 |   260 ||  1101
Throw: Stone             |       |       |     4 |       ||     4
Invok: Potion Petition   |       |       |       |     1 ||     1
Evoke: Wand              |       |       |       |     4 ||     4
  Use: Scroll            |       |       |    10 |     2 ||    12
       Potion            |       |       |     3 |       ||     3
 Stab: Distracted        |       |       |       |     2 ||     2
  Eat: Chunk             |       |     3 |     5 |       ||     8
       Ration            |       |     1 |     3 |     2 ||     6
Armor: Plate armour      |    57 |   191 |   339 |   100 ||   687
Dodge: Dodged            |    17 |    68 |   140 |    55 ||   280
